 Dungeon Crawl Stone Soup version 0.28-a0-1567-g1695149f81 (webtiles) character file.

Game seed: 1405402470429839003

15 murtidash the Sneak (level 2, 0/27 HPs)
             Began as a Hill Orc Delver on Jan 19, 2022.
             Succumbed to an adder's poison
             ... on level 4 of the Dungeon.
             The game lasted 00:01:01 (191 turns).

murtidash the Sneak (Hill Orc Delver)                Turns: 191, Time: 00:01:02

Health: 0/27       AC:  3    Str: 14    XL:     2   Next: 50%
Magic:  2/2        EV: 11    Int: 10    God:
Gold:   8          SH:  0    Dex: 12    Spells: 1/1 levels left

rFire   . . .      SeeInvis .   a - +0 hand axe
rCold   . . .      Faith    .   (no shield)
rNeg    . . .      Spirit   .   b - +0 leather armour
rPois   .          Reflect  .   (no helmet)
rElec   .          Harm     .   (no cloak)
rCorr   .          Rampage  .   (no gloves)
Will    .....                   (no boots)
Stlth   ++........              (no amulet)
HPRegen 0.09/turn               (no ring)
MPRegen 0.08/turn               (no ring)

@: lethally poisoned (0 -> -1)
A: no striking features
a: no special abilities


You were on level 4 of the Dungeon.
You visited 1 branch of the dungeon, and saw 2 of its levels.

You collected 8 gold pieces.


   Skills:
 + Level 4.1 Fighting
 + Level 3.4 Axes
 - Level 1.5 Dodging
 - Level 4.1 Stealth


You had one spell level left.
You didn't know any spells.
Your spell library contained the following spells:

 Spells                   Type           Power      Damage    Failure   Level
 Sublimation of Blood     Necr           0%         N/A       58%         2
 Wereblood                Tmut           0%         N/A       58%         2
 Summon Hydra             Summ           0%         N/A       100%        7

Inventory:

Hand Weapons
 a - a +0 hand axe (weapon)
Missiles
 i - 19 stones (quivered)
Armour
 b - a +0 leather armour (worn)
Jewellery
 C - a ring of ice
   (You found it on level 4 of the Dungeon)
Wands
 g - a wand of digging (3)
Scrolls
 c - a scroll of fog
 d - a scroll of magic mapping {!r}
 e - a scroll of fear
 h - a scroll of teleportation {unknown}
Potions
 f - a potion of haste {@q3}

Dungeon Overview and Level Annotations

Branches:
Dungeon (5/15)
 Temple: D:4-7

Altars:
Gozag
Makhleb
Ru

Annotations:
D:4 Grinder

################
#.........#....#
#.........#....#
#...@.....'....#
#.<.##..####'### #...
#..###...##+####
#........#....#..S..#
#........#....#.....
#........#....+..(.##
#........#....#....##
###+######....##...##
####....##...##


There were no monsters in sight!


Message History

There is an open door here.
Grinder comes into view.
Marking area around Grinder as unsafe for travelling.
You open the door.
A ball python comes into view.
An endoplasm comes into view.
There is an open door here.
The helpless ball python fails to defend itself.
You slash the ball python!
You kill the ball python!
The endoplasm quivers.
Your Axes skill increases to level 3!
You see here a ball python corpse.
You completely miss the endoplasm.
The endoplasm hits you but does no damage.
You hit the endoplasm. The endoplasm freezes you.
You are frozen. 😕 HP[-2]
You take 2 damage, and now have 18/20 hp.
You hit the endoplasm. The endoplasm freezes you.
You are frozen. 😕 HP[-1]
You take 1 damage, and now have 17/20 hp.
You hit the endoplasm.
You kill the endoplasm! 😕 HP[+1]
You open the door.
There is an open door here.
An adder comes into view. 😕 HP[+1]
You open the door.
There is an open door here.
You open the door.
There is an open door here.
An adder comes into view.
Found a stone staircase leading up.
The adder hisses angrily.
You see here 8 gold pieces.
You completely miss the adder. The adder bites you but does no damage.
The adder bites you.
You are poisoned.
The adder poisons you! 😕 HP[-2]
You take 2 damage, and now have 17/20 hp.
You closely miss the adder.
You feel sick. The adder bites you. 😮 HP[-4]
You take 4 damage, and now have 13/20 hp.
You closely miss the adder.
You feel sick. The adder barely misses you.
The adder completely misses you. 😮 HP[-1]
You take 1 damage, and now have 12/20 hp.
You closely miss the adder.
You feel sick.
The adder bites you but does no damage. 😮 HP[-1]
You take 1 damage, and now have 11/20 hp.
You hit the adder.
You feel sick. The adder completely misses you.
The adder bites you but does no damage. 😨 HP[-2]
You take 2 damage, and now have 9/20 hp.
You hit the adder.
You feel sick.
You are no longer poisoned.
The adder bites you.
* * * LOW HITPOINT WARNING * * *
You are lethally poisoned!
The adder poisons you! 😨 HP[-3]
You take 3 damage, and now have 6/20 hp.
You hit the adder.
You kill the adder!
* * * LOW HITPOINT WARNING * * *
You feel sick.
Your Fighting skill increases to level 4!
You have reached level 2! 😱 HP[-1] MP[+1]
You now have 27 max hp (+7).
Your mp is fully restored (2).
There is a lethal amount of poison in your body!
Okay, then.
* * * LOW HITPOINT WARNING * * *
You feel sick.
You see here 8 gold pieces. 😱 HP[-1]
You take 1 damage, and now have 4/27 hp.
You now have 8 gold pieces.
* * * LOW HITPOINT WARNING * * *
You feel sick.
* * * LOW HITPOINT WARNING * * *
You feel sick. 😱 HP[-1]
You take 1 damage, and now have 3/27 hp.
* * * LOW HITPOINT WARNING * * *
You feel sick. 😱 HP[-1]
You take 1 damage, and now have 2/27 hp.
* * * LOW HITPOINT WARNING * * *
You feel sick. 😱 HP[-1]
You take 1 damage, and now have 1/27 hp.
You die...

Skill      XL: |  1 |
---------------+----+-----
Axes           | 3 |  3.4
Fighting       | 4 |  4.1
Dodging        | |  1.5
Stealth        | |  4.1

Action                   || total
-------------------------++-------
Melee: Hand axe          ||    22
       Punch             ||     1
 Stab: Sleeping          ||     1
Armor: Leather armour    ||     7
Dodge: Dodged            ||    12

Levels and vault maps discovered:
D:4:      layout_gridville, nicolae_ru_great_annihilating_truth, uniq_grinder
D:5:      layout_basic, chequers_temple_overflow_statue_of_worship

Notes
Turn   | Place    | Note
-------+----------+-------------------------------------------
     0 | D:5      | murtidash the Hill Orc Delver began the quest for the Orb.
     0 | D:5      | Reached XP level 1. HP: 19/19 MP: 1/1
     0 | D:5      | magus.rc [v1.11.3]
     5 | D:5      | Found a burning altar of Makhleb.
     5 | D:5      | Found an opulent altar of Gozag.
    11 | D:5      | You pick up a book of Blood and begin reading...
    11 | D:5      | You add the spells Sublimation of Blood, Wereblood and
                  | Summon Hydra to your library.
    99 | D:4      | Found a sacrificial altar of Ru.
    99 | D:4      | Noticed an orc wizard
   128 | D:4      | Noticed Grinder
   143 | D:4      | Reached skill level 3 in Axes
   185 | D:4      | HP: 4/20 [poisoned by an adder]
   186 | D:4      | Reached skill level 4 in Fighting
   186 | D:4      | Reached XP level 2. HP: 5/27 MP: 2/2
   190 | D:4      | HP: 1/27 [poisoned by an adder]
   191 | D:4      | Succumbed to an adder's poison

Vanquished Creatures
  An adder (D:4)
  2 endoplasms (D:4)
  A quokka (D:4)
  2 ball pythons (D:4)
6 creatures vanquished.

Table legend:
 A = Non-vault XP
 B = Vault XP
 C = Vault XP percentage of total XP
 D = Non-vault monster count
 E = Vault monster count
 F = Vault count percentage of total count
                 A         B        C        D         E       F
            +---------+---------+-------+---------+---------+-------
      Total |      22 |       0 |   0.0 |       6 |       0 |   0.0
            +---------+---------+-------+---------+---------+-------
        D:4 |      22 |       0 |   0.0 |       6 |       0 |   0.0
            +---------+---------+-------+---------+---------+-------

Illustrated notes

Table legend:
 A = Kills in this place as a percentage of kills in entire the game.
 B = Kills by you in this place as a percentage of kills by you in the entire game.
 C = Kills by friends in this place as a percentage of kills by friends in the entire game.
 D = Other kills in this place as a percentage of other kills in the entire game.
 E = Experience gained in this place as a percentage of experience gained in the entire game.
 F = Experience gained in this place divided by the number of levels of this place that you have seen.
                   A       B       C       D       E      F
               +-------+-------+-------+-------+-------+----------------------
         Total | 100.0 | 100.0 |   N/A |   N/A | 100.0 |  11.0
       Dungeon | 100.0 | 100.0 |   N/A |   N/A | 100.0 |  11.0
               +-------+-------+-------+-------+-------+----------------------

Table legend: (Time is in decaauts)
 A = Elapsed time spent in this place.
 B = Non-inter-level travel time spent in this place.
 C = Inter-level travel time spent in this place.
 D = Time resting spent in this place.
 E = Time spent auto-exploring this place.
 F = Levels seen in this place.
 G = Mean time per level.
                   A        B        C        D        E       F      G
               +--------+--------+--------+--------+--------+-----+--------+
         Total |    194 |    194 |      0 |      0 |     64 |   2 |   97.0 |
       Dungeon |    194 |    194 |      0 |      0 |     64 |   2 |   97.0 |
               +--------+--------+--------+--------+--------+-----+--------+

Top non-repeatable levels by time:
     D:4: 175 daAuts
     D:5: 19 daAuts
